 Dungeon Crawl Stone Soup version 0.31.0-9-g3a7656b989 (webtiles) character file.

Game seed: 13977248774665189803

19 qw the Shooter (level 2, 0/16 HPs)
             Began as a Deep Elf Hunter on Feb 2, 2024.
             Slain by an adder (3 damage)
             ... on level 2 of the Dungeon.
             The game lasted 00:00:02 (941 turns).

qw the Shooter (Deep Elf Hunter)                     Turns: 941, Time: 00:00:03

Health: 0/16       AC:  4    Str:  8    XL:     2   Next: 55%
Magic:  4/4        EV: 12    Int: 13    God:
Gold:   97         SH:  0    Dex: 18    Spells: 1/1 levels left

rFire   . . .        a - +0 shortbow
rCold   + . .        (shield currently unavailable)
rNeg    . . .        k - +0 leather armour {Will+}
rPois   .            (no helmet)
rElec   .            (no cloak)
rCorr   .            (no gloves)
SInv    +            g - +0 pair of boots
Will    +....        (no amulet)
Stlth   ++           d - ring of see invisible
HPRegen 0.22/turn    l - ring of protection from cold
MPRegen 0.09/turn

%: no passive effects
@: lethally poisoned (0 -> -2)
A: no striking features
a: no special abilities


You were on level 2 of the Dungeon.
You visited 1 branch of the dungeon, and saw 2 of its levels.

You collected 97 gold pieces.


   Skills:
 - Level 1.5 Fighting
 + Level 6.3 Ranged Weapons
 - Level 2.4 Dodging
 - Level 1.2 Stealth


You had one spell level left.
You didn't know any spells.
Your spell library was empty.

Inventory:

Hand Weapons
 a - a +0 shortbow (weapon)
Armour
 c - a +0 scale mail
 f - a +0 ring mail
 g - a +0 pair of boots (worn)
 k - a +0 leather armour of willpower (worn)
Jewellery
 d - a ring of see invisible (left hand)
 l - a ring of protection from cold (right hand)
Scrolls
 b - a scroll of fog {unknown}
 h - a scroll of identify {unknown}
 i - a scroll of enchant armour {unknown}
Potions
 e - a potion of curing {unknown}
 j - a potion of lignification {unknown}

Dungeon Overview and Level Annotations

Branches:
Dungeon (2/15)

Altars:


Message History

The endoplasm is moderately wounded.
You shoot an arrow. The arrow hits the endoplasm.
You kill the endoplasm!
You now have 97 gold pieces (gained 19).
A frilled lizard comes into view.
The frilled lizard hisses angrily.
You shoot an arrow. The arrow hits the frilled lizard!
You kill the frilled lizard!
A goblin, an adder and 2 bats come into view.
The goblin shouts!
The adder hisses angrily.
You hear an angry hiss. x2
A goblin comes into view. It is wielding a +0 dagger.
A jackal comes into view.
The bat moves out of view.
Enter note:
Enter note:
Enter note:
Enter note:
934 ||| RETREEEEATING.
The bat closely misses you.
You shoot an arrow. The arrow barely misses the bat.
The bat hits you but does no damage.
You shoot an arrow.
The arrow hits the bat but does no damage.
The bat hits you but does no damage. The bat closely misses you.
You shoot an arrow. The arrow barely misses the adder.
The bat hits you but does no damage. The adder misses you.
You shoot an arrow. The arrow hits the adder.
The adder is heavily wounded.
The bat barely misses you. The adder misses you.
You shoot an arrow. The arrow barely misses the adder.
The bat closely misses you. The adder bites you.
You are poisoned.
The adder poisons you! The goblin closely misses you. The adder bites you.
You shoot an arrow. The arrow barely misses the adder.
You feel sick. The bat hits you. The adder misses you.
The goblin hits you with a +0 dagger.
You shoot an arrow. The arrow hits the adder.
The adder is almost dead.
You feel sick. The bat hits you but does no damage. The adder bites you.
You die... #.......#.......### #.......#....#### ###.......#.#### ..........#...### .....######.....## #h ....(# #......# .gg

.....#
#.###..## .S#
.....# #.#
#.b.# ...#
..####
#..##.@g#....##
..#
#......S.......
..#
###########.###
..# ###


You could see an adder, a goblin and a bat.

Vanquished Creatures
  A bat (D:2)
  4 endoplasms
  A goblin (D:2)
  5 jackals
  2 kobolds (D:1)
  2 frilled lizards
  A rat (D:1)
16 creatures vanquished.

Notes
Turn   | Place    | Note
-------+----------+-------------------------------------------
     0 | D:1      | qw the Deep Elf Hunter began the quest for the Orb.
     0 | D:1      | Reached XP level 1. HP: 12/12 MP: 3/3
     0 | D:1      | 0 ||| qw: Version: 0.3-a-155-g5e7d8dd
     0 | D:1      | 0 ||| qw: Game counter: 1967
     0 | D:1      | 0 ||| qw: Melee chars always use a shield: true
     0 | D:1      | 0 ||| qw: God list: Okawaru
     0 | D:1      | 0 ||| qw: Allow faded altars: false
     0 | D:1      | 0 ||| qw: Do Orc after clearing Dungeon:15 true
     0 | D:1      | 0 ||| qw: Do second Lair branch before Depths: true
     0 | D:1      | 0 ||| qw: Lair rune preference: random
     0 | D:1      | 0 ||| qw: Goals: Normal
     0 | D:1      | 0 ||| PLANNING D:1-11
   476 | D:1      | Reached XP level 2. HP: 16/16 MP: 4/4
   492 | D:1      | Reached skill level 6 in Ranged Weapons
   623 | D:1      | 623 ||| UPGRADING to +0 pair of boots.
   628 | D:1      | 628 ||| UPGRADING to +0 leather armour of willpower.
   638 | D:1      | 638 ||| DROPPING +0 leather armour.
   639 | D:1      | 639 ||| UPGRADING to ring of see invisible.
   640 | D:1      | 640 ||| UPGRADING to ring of protection from cold.
   641 | D:1      | 641 ||| READING scroll labelled WIKEIN HAARIU.
   646 | D:1      | 646 ||| READING scroll labelled HUVIHO YFI.
   647 | D:1      | 647 ||| READING 2 scrolls labelled TAXUTA LECH.
   648 | D:1      | 648 ||| DROPPING scroll of butterflies.
   649 | D:1      | 649 ||| DROPPING scroll of poison.
   934 | D:2      | 934 ||| RETREEEEATING.
   940 | D:2      | HP: 4/16 [goblin/+0 dagger (2)]
   941 | D:2      | Slain by an adder

Levels and vault maps discovered:
D:1:      dpeg_arrival_tiny_g, layout_basic
D:2:      minmay_recursive_quarters, layout_basic, basic_altar,
          serial_bayou_pond_a, minmay_lizard_king

Skill      XL: |  1  2 |
---------------+-------+-----
Ranged Weapons | 6 |  6.3
Fighting       | |  1.5
Dodging        | |  2.4
Stealth        | |  1.2

Action                     || total
---------------------------++-------
   Fire: Shortbow          ||    45
    Use: Scroll            ||     3
 Armour: Leather armour    ||    13
  Dodge: Dodged            ||    17

Table legend:
 A = Non-vault XP
 B = Vault XP
 C = Vault XP percentage of total XP
 D = Non-vault monster count
 E = Vault monster count
 F = Vault count percentage of total count
                 A         B        C        D         E       F
            +---------+---------+-------+---------+---------+-------
      Total |      24 |       4 |  14.3 |      14 |       2 |  12.5
            +---------+---------+-------+---------+---------+-------
        D:1 |      15 |       0 |   0.0 |       9 |       0 |   0.0
        D:2 |       9 |       4 |  30.8 |       5 |       2 |  28.6
            +---------+---------+-------+---------+---------+-------
